 Dungeon Crawl Stone Soup version 0.30-a0-465-g8901f6c8b5 (webtiles) character file.

Game seed: 15648107934750199773

53 greenreed the Magician (level 3, -3/16 HPs)
             Began as a Spriggan Venom Mage on Dec 17, 2022.
             Was an Initiate of Zin.
             Slain by Natasha (6 damage)
             ... on level 1 of the Dungeon.
             The game lasted 00:04:35 (1891 turns).

greenreed the Magician (Spriggan Venom Mage)        Turns: 1891, Time: 00:04:35

Health: -3/16      AC:  2    Str:  4    XL:     3   Next: 64%
Magic:  4/9        EV: 21    Int: 18    God:    Zin [......]
Gold:   26         SH:  0    Dex: 15    Spells: 9/10 levels left

rFire   . . .      SeeInvis +    (weapon restricted)
rCold   . . .      Faith    .    (no shield)
rNeg    . . .      Spirit   .    a - +0 robe
rPois   .          Reflect  .    (helmet restricted)
rElec   .          Harm     .    (no cloak)
rCorr   .          Rampage  .    (gloves unavailable)
Will    .....                    (boots unavailable)
Stlth   ++........               (no amulet)
HPRegen 0.22/turn                d - +4 ring of evasion
MPRegen 0.11/turn                (no ring)

@: slowed, quick
A: very small, no large weapons, unfitting armour, see invisible, speed 3
a: Renounce Religion, Donate Gold


You were on level 1 of the Dungeon.
You worshipped Zin.
Zin was noncommittal.
You visited 1 branch of the dungeon, and saw 2 of its levels.

You collected 28 gold pieces.
You donated 2 gold pieces to Zin.

Inventory:

Missiles
 m - 6 poisoned darts
Armour
 a - a +0 robe (worn)
Jewellery
 d - a +4 ring of evasion (left hand)
Scrolls
 c - a scroll of vulnerability {unknown}
 e - a scroll of magic mapping {unknown}
 g - a scroll of enchant armour {unknown}
 j - a scroll of identify {unknown}
 l - a scroll of fog {unknown}
 n - a scroll of butterflies {unknown}
 o - a scroll of fear {unknown}
 p - a scroll of brand weapon {unknown}
Potions
 b - a potion of magic
 f - a potion of brilliance {unknown}
 h - a potion of degeneration {unknown}
 i - a potion of curing {unknown}
 k - a potion of invisibility {unknown}


   Skills:
 + Level 2.8 Dodging
 + Level 3.0 Stealth
 * Level 4.0 Spellcasting
 + Level 2.6 Transmutations
 + Level 3.3 Poison Magic


You had 9 spell levels left.
You knew the following spells:

 Your Spells              Type           Power      Damage    Failure   Level
a - Sting                 Tmut/Pois      56%        1d5       4%          1

Your spell library contained the following spells:

 Spells                   Type           Power      Damage    Failure   Level
 Poisonous Vapours        Pois/Air       18%        N/A       11%         2
 Magic Dart               Conj           12%        1d3       14%         1
 Call Imp                 Summ           3%         N/A       22%         2
 Mephitic Cloud           Conj/Pois/Air  7%         N/A       28%         3
 Olgreb's Toxic Radiance  Pois           15%        N/A       36%         4


Dungeon Overview and Level Annotations

Branches:
Dungeon (2/15)

Altars:
Zin

Annotations:
D:1 Natasha


Innate Abilities, Weirdness & Mutations

You are very small and have problems with some larger weapons.
You are too small for most types of armour.
You have supernaturally acute eyesight. (SInv)
You cover ground extremely quickly. (Speed+++)


Message History

Press: ? - help, Shift-Dir - straight line, f/p - Natasha
Aim: Natasha (64% to hit)
The sting hits Natasha but does no damage.
Natasha is poisoned.
Casting: Sting (safe; 4% risk of failure)
Confirm with . or Enter, or press ? or * to list all spells.
Aiming: Sting (safe; 4% risk of failure)
Press: ? - help, Shift-Dir - straight line, f/p - Natasha
Aim: Natasha (lightly wounded, poisoned, 64% to hit)
The sting hits Natasha.
Natasha looks even sicker.
Natasha is lightly wounded.
Natasha closely misses you.
Casting: Sting (safe; 4% risk of failure)
Confirm with . or Enter, or press ? or * to list all spells.
Aiming: Sting (safe; 4% risk of failure)
Press: ? - help, Shift-Dir - straight line, f/p - Natasha
Aim: Natasha (moderately wounded, very poisoned, 64% to hit)
The sting hits Natasha but does no damage.
Natasha looks even sicker.
Natasha is moderately wounded.
Natasha stares at you and mumbles some strange words.
You feel yourself slow down.
Casting: Sting (safe; 4% risk of failure)
Confirm with . or Enter, or press ? or * to list all spells.
Aiming: Sting (safe; 4% risk of failure)
Press: ? - help, Shift-Dir - straight line, f/p - Natasha
Aim: Natasha (moderately wounded, very poisoned, 64% to hit)
The sting hits Natasha.
Natasha looks as sick as possible!
Natasha is moderately wounded.
Natasha casts a spell at you. The magic dart hits you!
Ouch! That really hurt!
* * * LOW HITPOINT WARNING * * *
Casting: Sting (safe; 4% risk of failure)
Confirm with . or Enter, or press ? or * to list all spells.
Aiming: Sting (safe; 4% risk of failure)
Press: ? - help, Shift-Dir - straight line, f/p - Natasha
Aim: Natasha (severely wounded, extremely poisoned, 64% to hit)
The sting misses Natasha.
Natasha claws you.
You die...

#†# #.# #.# #.# #.#
###.# ### #.# #.#
#...# #.. #.#
#.######.### #.. #.#
#........#####.. #.#
#########....... #.#
#.......
##.###########.......
#...@h.......'.>.....
##############.......
#....... #.......
#....... #.......
##'##### #..)...
#......


You could see Natasha (extremely poisoned).

Vanquished Creatures
  An adder (D:2)
  A dart slug (D:1)
  4 bats (D:1)
  6 endoplasms (D:1)
  2 giant cockroaches (D:1)
  3 goblins (D:1)
  6 hobgoblins
  2 quokkas
  5 ball pythons (D:1)
  2 frilled lizards
  4 kobolds
  2 rats (D:1)
38 creatures vanquished.

Notes
Turn   | Place    | Note
-------+----------+-------------------------------------------
     0 | D:1      | greenreed the Spriggan Venom Mage began the quest for the
                  | Orb.
     0 | D:1      | Reached XP level 1. HP: 9/9 MP: 5/5
   301 | D:1      | Reached skill level 3 in Spellcasting
   301 | D:1      | Reached XP level 2. HP: 11/13 MP: 0/7
   869 | D:1      | Reached XP level 3. HP: 16/16 MP: 2/9
  1470 | D:1      | Reached skill level 4 in Spellcasting
  1738 | D:2      | Found a glowing silver altar of Zin.
  1745 | D:2      | Became a worshipper of Zin the Law-Giver
  1751 | D:2      | Noticed Natasha
  1891 | D:1      | Slain by Natasha

Illustrated notes

Levels and vault maps discovered:
D:1:      dpeg_arrival_chambers_temple_mockup, layout_basic,
          minmay_indecisive_spiral
D:2:      minmay_door_path, layout_basic, basic_altar,
          dilly_ecumenical_altar_fadedgnrine, uniq_natasha

Skill      XL: |  1  2  3 |
---------------+----------+-----
Spellcasting   | 3 4 |  4.0
Transmutations | 2 |  2.6
Dodging        | |  2.8
Stealth        | |  3.0
Poison Magic   | |  3.3

Action                   || total
-------------------------++-------
Melee: Unarmed           ||     1
 Cast: Sting             ||    90
Armor: Robe              ||     1
Dodge: Dodged            ||    17

Table legend: (Time is in decaauts)
 A = Elapsed time spent in this place.
 B = Non-inter-level travel time spent in this place.
 C = Inter-level travel time spent in this place.
 D = Time resting spent in this place.
 E = Time spent auto-exploring this place.
 F = Levels seen in this place.
 G = Mean time per level.
                   A        B        C        D        E       F      G
               +--------+--------+--------+--------+--------+-----+--------+
         Total |   1494 |   1479 |     15 |     94 |   1165 |   2 |  747.0 |
       Dungeon |   1494 |   1479 |     15 |     94 |   1165 |   2 |  747.0 |
               +--------+--------+--------+--------+--------+-----+--------+

Top non-repeatable levels by time:
     D:1: 1462 daAuts
     D:2: 32 daAuts
